 Dungeon Sprint DCSS version 0.21-a0-297-ga3d34c2 (webtiles) character file.

24 potatolord6000 the Insei (level 3, -4/29 HPs)
             Began as a Gnoll Transmuter on Sept 28, 2017.
             Drowned by a water elemental (5 damage)
             ... in the Dungeon (Sprint III: "The Ten Rune Challenge").
             The game lasted 00:01:43 (117 turns).

potatolord6000 the Insei (Gnoll Transmuter)          Turns: 117, Time: 00:01:43

Health: -4/29      AC:  2    Str: 13    XL:     3   Next: 2%
Magic:  9/9        EV: 15    Int: 15    God:
Gold:   20         SH:  0    Dex: 15    Spells: 11/12 levels left

rFire    . . .     SeeInvis .     - Unarmed
rCold    . . .     Gourm    .   (no shield)
rNeg     . . .     Faith    .   b - +0 robe
rPois    .         Spirit   .   (no helmet)
rElec    .         Reflect  .   (no cloak)
rCorr    .         Harm     .   (no gloves)
MR       .....     NoTele   +   (boots currently unavailable)
Stlth    ++........             k - amulet of rage
HPRegen  0.09/turn              (no ring)
MPRegen  0.11/turn              (no ring)

@: appendage, engulfed (cannot breathe), hasted, very quick
A: distributed training, fangs 1, talons 3, strong nose
a: End Transformation, Evoke Berserk Rage


You were in the Dungeon.
You were not hungry.
You had grown temporary talons.
You visited 1 branch You collected 20 gold pieces.

Inventory:

Missiles
 a - 12 arrows
Armour
 b - a +0 robe (worn)
Jewellery
 k - an amulet of rage (around neck)
Scrolls
 j - a scroll of blinking
 l - 2 scrolls of torment {unknown}
 m - 4 scrolls of identify
 q - 2 scrolls of remove curse
Potions
 e - a potion of curing
 g - a potion of haste
 h - 2 potions of magic
 i - 2 potions of mutation {unknown}
 o - 2 potions of degeneration {unknown}
 p - 2 potions of flight {unknown}
Books
 c - a book of Changes

   Spells                             Type                      Level
   a - Beastly Appendage              Transmutation                1
   b - Sticks to Snakes               Transmutation                2
   c - Spider Form                    Transmutation/Poison         3
   d - Ice Form                       Ice/Transmutation            4
   e - Blade Hands                    Transmutation                5
Comestibles
 d - a bread ration
 n - a meat ration
 r - a royal jelly


   Skills:
 + Level 3.1 Fighting
 + Level 1.7 Short Blades
 + Level 1.3 Long Blades
 + Level 2.0 Axes
 + Level 1.3 Maces & Flails
 + Level 2.0 Polearms
 + Level 1.3 Staves
 + Level 1.7 Slings
 + Level 1.3 Bows
 + Level 1.7 Crossbows
 + Level 2.0 Throwing
 + Level 0.8 Armour
 + Level 4.9 Dodging
 + Level 1.7 Stealth
   Level 0.0 Stabbing
 + Level 2.3 Shields
   Level 0.0 Traps
 + Level 6.5 Unarmed Combat
 + Level 5.2 Spellcasting
 + Level 2.0 Conjurations
 + Level 2.0 Hexes
 + Level 2.0 Charms
 + Level 2.3 Summonings
 + Level 1.3 Necromancy
 + Level 0.8 Translocations
 + Level 4.5 Transmutations
 + Level 1.3 Fire Magic
 + Level 1.3 Ice Magic
 + Level 1.3 Air Magic
 + Level 0.8 Earth Magic
 + Level 1.3 Poison Magic
 + Level 1.3 Invocations
 + Level 1.7 Evocations


You had 11 spell levels left.
You knew the following spells:

 Your Spells              Type           Power        Failure   Level  Hunger
a - Beastly Appendage     Tmut           ###...       2%          1    None


Dungeon Overview and Level Annotations

Branches:
Dungeon (1/1)

Altars:


Innate Abilities, Weirdness & Mutations

Your experience applies equally to all skills.
You have very sharp teeth.
Your uncanny sense of smell can sniff out nearby items.
You have claws for feet.


Message History

The water elemental barely misses you.
Unknown command.
You feel much better.
Your lungs strain for air!
The water elemental hits you.
You barely miss the water elemental.
The water elemental is almost destroyed.
Your lungs strain for air!
Unknown command.
You hit the water elemental.
You claw the water elemental, but do no damage.
The water elemental is almost destroyed.
Your lungs strain for air!
The water elemental hits you!
* * * LOW HITPOINT WARNING * * *
Unknown command.
You barely miss the water elemental. Your kick misses the water elemental.
You bite the water elemental, but do no damage.
The water elemental is almost destroyed.
You die...

▓▓▓▓▓▓ ▓▓▓ .#...####
##.# .#......#####..# ∆
##.......#..#..#∆ ∆
.##.##...#..#..###+#+###
.##.###..##'#..#........
####.##..###...'.⌠......
##..##..####...#@..####
....##..###....#.E.#
#†.##...##.....#...#∆
..##....#......#+###
.###..##.#.....# ∆∆ .#
#..#####....# ▓▓ ▓▓▓▓
▓▓▓▓▓▓


You could see a water elemental.

Vanquished Creatures
  A human (D)
  A phantom (D)
  4 rats (D)
6 creatures vanquished.

Vanquished Creatures (others)
  A yaktaur (D)
  A plant (D)
2 creatures vanquished.

Grand Total: 8 creatures vanquished

Notes
Turn   | Place    | Note
-------+----------+-------------------------------------------
     0 | D        | potatolord6000 the Gnoll Transmuter began the quest for the Orb.
     0 | D        | Reached XP level 1. HP: 17/17 MP: 6/6
    38 | D        | Reached skill level 1 in Stealth
    38 | D        | Reached skill level 1 in Shields
    38 | D        | Reached skill level 1 in Summonings
    48 | D        | Reached skill level 1 in Crossbows
    48 | D        | Reached skill level 1 in Evocations
    51 | D        | Killed a yaktaur
    67 | D        | Reached skill level 1 in Short Blades
    67 | D        | Reached skill level 1 in Long Blades
    67 | D        | Reached skill level 1 in Axes
    67 | D        | Reached skill level 1 in Maces & Flails
    67 | D        | Reached skill level 1 in Staves
    67 | D        | Reached skill level 1 in Slings
    67 | D        | Reached skill level 1 in Bows
    67 | D        | Reached skill level 1 in Throwing
    67 | D        | Reached skill level 5 in Spellcasting
    67 | D        | Reached skill level 1 in Conjurations
    67 | D        | Reached skill level 1 in Necromancy
    67 | D        | Reached skill level 1 in Fire Magic
    67 | D        | Reached skill level 1 in Ice Magic
    67 | D        | Reached skill level 1 in Poison Magic
    67 | D        | Reached skill level 1 in Invocations
    67 | D        | Reached XP level 2. HP: 24/24 MP: 6/8
    71 | D        | Reached skill level 1 in Air Magic
    71 | D        | Reached XP level 3. HP: 29/29 MP: 6/9
   101 | D        | Noticed a water elemental
   113 | D        | HP: 1/29 [drowned by a water elemental (4)]
   117 | D        | Drowned by a water elemental

Vault maps used:
D:        dungeon_sprint_mu

Skill      XL: |  1  2 |
---------------+-------+-----
Stealth        | 1 |  1.7
Shields        | 2 |  2.3
Summonings     | 2 |  2.3
Crossbows      | 1 |  1.7
Evocations     | 1 |  1.7
Fighting       | 3 |  3.1
Short Blades   | 1 |  1.7
Long Blades    | 1 |  1.3
Axes           | 1 2 |  2.0
Maces & Flails | 1 |  1.3
Polearms       | 2 |  2.0
Staves         | 1 |  1.3
Slings         | 1 |  1.7
Bows           | 1 |  1.3
Throwing       | 1 2 |  2.0
Spellcasting   | 5 |  5.2
Conjurations   | 1 2 |  2.0
Hexes          | 2 |  2.0
Charms         | 2 |  2.0
Necromancy     | 1 |  1.3
Fire Magic     | 1 |  1.3
Ice Magic      | 1 |  1.3
Poison Magic   | 1 |  1.3
Invocations    | 1 |  1.3
Air Magic      | 1 |  1.3
Armour         | |  0.8
Dodging        | |  4.9
Unarmed Combat | |  6.5
Translocations | |  0.8
Transmutations | |  4.5
Earth Magic    | |  0.8

Action                   || total
-------------------------++-------
Melee: Unarmed           ||    28
       Kick              ||     7
       Bite              ||     3
       Headbutt          ||     1
       Punch             ||     1
 Cast: Beastly Appendage ||     3
  Use: Potion            ||     3
       Scroll            ||     1
Armor: Robe              ||     6
Dodge: Dodged            ||     8

Table legend:
 A = Spawn XP
 B = Non-spawn XP
 C = Spawn XP percentage of total XP
 D = Spawn monster count
 E = Non-spawn monster count
 F = Spawn count percentage of total count
 G = Total turns spent on level
                    A         B        C        D         E        F      G
               +---------+---------+-------+---------+---------+-------+---------
         Total |       0 |      35 |   0.0 |       0 |       6 |   0.0 |   117
               +---------+---------+-------+---------+---------+-------+---------
             D |       0 |      35 |   0.0 |       0 |       6 |   0.0 |   117
               +---------+---------+-------+---------+---------+-------+---------
